 Dungeon Crawl Stone Soup version 0.24-a0-11-g46ee55f (webtiles) character file.

Game seed: 4425875731694644608

2559 Dantiko the Quickloader (level 9, -1/61 HPs)
             Began as a Formicid Hunter on Feb 1, 2019.
             Was an Elder of Cheibriados.
             Blown up by Maurice (10 damage)
             ... with a wand of disintegration (16)
             ... on level 7 of the Dungeon.
             The game lasted 00:37:00 (7303 turns).

Dantiko the Quickloader (Formicid Hunter)           Turns: 7303, Time: 00:37:01

Health: -1/61      AC: 10    Str: 27    XL:     9   Next: 86%
Magic:  21/21      EV:  9    Int: 19    God:    Cheibriados [****..]
Gold:   519        SH: 11    Dex: 23    Spells: 8/8 levels left

rFire    + . .     SeeInvis +   a - +1 hand crossbow
rCold    . . .     Gourm    .   x - +0 shield
rNeg     . . .     Faith    .   c - +3 scale mail {rF+}
rPois    .         Spirit   .   (helmet unavailable)
rElec    .         Reflect  .   (no cloak)
rCorr    .         Harm     .   I - +0 pair of gloves
MR       +....                  (no boots)
Stlth    +.........             (no amulet)
HPRegen  0.20/turn              v - ring of magical power
MPRegen  0.17/turn              z - ring of protection from magic

@: lethally poisoned (-1 -> -26), very slow
A: permanent stasis, dig shafts and tunnels, four strong arms, antennae 3
a: Dig, Shaft Self, Bend Time, Temporal Distortion, Slouch, Renounce Religion


You were on level 7 of the Dungeon.
You worshipped Cheibriados.
Cheibriados was greatly pleased with you.
You were not hungry.

You visited 2 branches of the dungeon, and saw 11 of its levels.

You collected 618 gold pieces.
You spent 99 gold pieces at shops.

Inventory:

Hand Weapons
 a - a +1 hand crossbow (weapon)
 b - a +0 war axe
Missiles
 d - 16 bolts (quivered)
 t - 153 arrows
Armour
 c - a +3 scale mail of fire resistance (worn)
 x - a +0 shield (worn)
 I - a +0 pair of gloves (worn)
Jewellery
 o - a cursed ring of magical power
 v - a ring of magical power (left hand)
 z - a ring of protection from magic (right hand)
Wands
 i - a wand of digging (3)
 C - a wand of enslavement (9)
Scrolls
 e - 3 scrolls of teleportation
 g - 2 scrolls of immolation {unknown}
 j - 3 scrolls of fog {unknown}
 l - 11 scrolls of identify
 m - 5 scrolls of enchant weapon {unknown}
 r - 3 scrolls of remove curse
 y - 2 scrolls of amnesia {unknown}
 A - a scroll of blinking {unknown}
 B - a scroll of noise {unknown}
 D - a scroll of random uselessness {unknown}
 F - a scroll of holy word {unknown}
Potions
 h - 3 potions of brilliance {unknown}
 k - 2 potions of curing
 n - 2 potions of degeneration {unknown}
 p - 2 potions of mutation {unknown}
 q - a potion of cancellation {unknown}
 s - a potion of invisibility {unknown}
 u - a potion of lignification {unknown}
 E - a potion of might {unknown}
 G - a potion of ambrosia {unknown}
Comestibles
 f - 15 rations


   Skills:
 - Level 2.1 Fighting
 - Level 6.0 Axes
 - Level 10.3 Crossbows
 - Level 1.7 Dodging
 - Level 1.2 Stealth
 - Level 4.0 Shields
 * Level 5.0 Invocations


You had 8 spell levels left.
You didn't know any spells.
Your spell library contained the following spells:

 Spells                   Type           Power        Failure   Level  Hunger
 Beastly Appendage        Tmut           #.....       82%         1    ##.....
 Confusing Touch          Hex            #.....       82%         1    ##.....
 Sticks to Snakes         Tmut           #.......     91%         2    ###....
 Confuse                  Hex            #.......     99%         3    ####...
 Gell's Gravitas          Tloc           #.........   99%         3    ####...
 Spider Form              Tmut/Pois      #.........   99%         3    ####...
 Ice Form                 Ice/Tmut       #.......     100%        4    #####..
 Petrify                  Tmut/Erth      #.......     100%        4    #####..
 Blade Hands              Tmut           #.........   100%        5    ######.
 Metabolic Englaciation   Hex/Ice        #.........   100%        5    ######.
 Yara's Violent Unravell  Hex/Tmut       #.........   100%        5    ######.


Dungeon Overview and Level Annotations

Branches:
Dungeon (10/15)            Temple (1/1) D:6
   Lair: D:8-11         Orc: D:9-12

Altars:
Ashenzari
Cheibriados
Dithmenos
Elyvilon
Fedhas
Gozag
Hepliaklqana
Kikubaaqudgha
Makhleb
Nemelex Xobeh
Okawaru
Qazlal
Ru
Sif Muna
Trog
Uskayaw
Vehumet
Wu Jian
Xom
Yredelemnul
Zin
The Shining One

Shops:
D:5 :?((?

Annotations:
D:7 Maurice
D:8 Harold


Innate Abilities, Weirdness & Mutations

You cannot be hasted, slowed, berserked, paralysed or teleported.
You can dig through walls and to a lower floor.
Your four strong arms can wield two-handed weapons with a shield.
You have a pair of large antennae on your head. (SInv)


Message History

* * * LOW HITPOINT WARNING * * *
You feel sick. You block the killer bee's attack.
Maurice casts a spell.
Maurice blinks!
The killer bee stings you but does no damage.
Firing (i - inventory)
d - 17 bolts (quivered)
Press: ? - help, Shift-Dir - straight line, f/p - killer bee
Aim: a killer bee (almost dead)
You shoot a bolt. The bolt hits the killer bee!
You kill the killer bee!
Cheibriados thoroughly appreciates the change of pace.
Your Invocations skill increases to level 5!
* * * LOW HITPOINT WARNING * * *
You feel sick.
Firing (i - inventory)
d - 16 bolts (quivered)
Press: ? - help, Shift-Dir - straight line, f - you
Okay, then.
* * * LOW HITPOINT WARNING * * *
You feel sick.
Maurice zaps a wand.
You are blasted!
You die...

#.#..#....#....># #.......# #.#
..#....#######..# ###...### #.#
###>......#...@.# #...# #..
##.....##.#.###ยง#######...######.
#.....##.#.###.(................
#.....#....).(.>................
#.....#.#.###.#(................
#.....#.#.###.#(####.#....#####.
########.#..##.#@# #.#....# #.
...# #.##.##.### #.#....# ## ##.##
#.......# #.#....### ## ....#
####.#### #........# #. ##..# #.#
#.)...)..# #. ##..#######.#
####.#(..#..# #. ............#
###........#..# #. .############
#...##.#......# #. ##
###.#..........####.


You could see Maurice (invisible).

Vanquished Creatures
  A water moccasin (D:7)
  3 orc warriors (D:7)
  2 ice beasts
  A phantom (D:4)
  4 ogres
  A sky beast (D:5)
  A crocodile (D:7)
  A bullfrog (D:6)
  3 scorpions (D:4)
  4 killer bees (D:7)
  A crimson imp (D:5)
  A bullfrog zombie (D:6)
  An orc priest (D:2)
  A bullfrog skeleton (D:6)
  3 hounds
  4 orc wizards
  A centaur skeleton (D:4)
  5 iguanas
  Terence (D:2)
  5 worker ants
  2 hound zombies
  A hound skeleton (D:6)
  7 gnolls
  12 adders
  An ooze (D:1)
  An adder zombie (D:5)
  3 adder skeletons
  A worm (D:3)
  2 dart slugs (D:1)
  3 leopard geckos
  29 orcs
  6 giant cockroaches
  6 goblins
  9 hobgoblins
  15 jackals
  8 kobolds
  4 quokkas
  2 ball pythons
  5 bats
  5 frilled lizards
  A quokka skeleton (D:4)
  3 rats
170 creatures vanquished.

Notes
Turn   | Place    | Note
-------+----------+-------------------------------------------
     0 | D:1      | Dantiko the Formicid Hunter began the quest for the Orb.
     0 | D:1      | Reached XP level 1. HP: 16/16 MP: 1/1
    47 | D:1      | Reached XP level 2. HP: 15/22 MP: 2/2
   466 | D:1      | Reached XP level 3. HP: 27/27 MP: 3/3
   596 | D:1      | Reached skill level 5 in Crossbows
  1279 | D:2      | Reached XP level 4. HP: 29/33 MP: 4/4
  1624 | D:2      | Noticed Terence
  1652 | D:2      | HP: 1/33 [Terence/+0 falchion (2)]
  1658 | D:2      | Killed Terence
  1720 | D:2      | Reached skill level 6 in Crossbows
  1720 | D:2      | Reached XP level 5. HP: 37/38 MP: 5/5
  2304 | D:2      | Reached XP level 6. HP: 21/44 MP: 6/6
  2355 | D:3      | Reached skill level 1 in Axes
  2898 | D:3      | Found a sacrificial altar of Ru.
  2898 | D:3      | Found a snail-covered altar of Cheibriados.
  2909 | D:3      | Became a worshipper of Cheibriados the Contemplative
  3342 | D:4      | Reached XP level 7. HP: 28/50 MP: 7/7
  3467 | D:4      | Reached * piety under Cheibriados
  3643 | D:4      | Reached skill level 5 in Axes
  3830 | D:4      | Reached skill level 7 in Crossbows
  3830 | D:4      | Reached XP level 8. HP: 56/56 MP: 8/8
  4021 | D:5      | Entered Level 5 of the Dungeon
  4091 | D:5      | Found Ocoul's Book Shoppe.
  4174 | D:5      | Reached ** piety under Cheibriados
  4298 | D:5      | Found Gafesh's Magic Scroll Boutique.
  4307 | D:5      | Bought a scroll of identify for 22 gold pieces
  4307 | D:5      | Bought a scroll of remove curse for 33 gold pieces
  4307 | D:5      | Bought a scroll of identify for 22 gold pieces
  4307 | D:5      | Bought a scroll of identify for 22 gold pieces
  4328 | D:5      | Found Kufoichu's Antique Weapon Shoppe.
  4332 | D:5      | You fall through a shaft for 2 floors!
  4649 | D:6      | Reached skill level 8 in Crossbows
  4717 | D:5      | Found Vosaav's Antique Weapon Boutique.
  4908 | D:5      | Found Puatt's Magic Scroll Shop.
  4984 | D:5      | Found an ancient bone altar of Kikubaaqudgha.
  5041 | D:5      | Found a glowing silver altar of Zin.
  5290 | D:6      | Reached skill level 9 in Crossbows
  5330 | D:6      | Reached XP level 9. HP: 50/61 MP: 9/9
  5608 | D:6      | Found a staircase to the Ecumenical Temple.
  5624 | Temple   | Entered the Ecumenical Temple
  5805 | D:7      | Reached *** piety under Cheibriados
  5885 | D:7      | Reached skill level 10 in Crossbows
  6726 | D:7      | You fall through a shaft for 3 floors!
  6726 | D:10     | Entered Level 10 of the Dungeon
  6756 | D:8      | Noticed Maurice
  6757 | D:8      | Noticed Harold
  6917 | D:7      | Reached **** piety under Cheibriados
  7302 | D:7      | Reached skill level 5 in Invocations
  7303 | D:7      | Blown up by Maurice

Vault maps used:
D:1:      dpeg_arrival_round_a, st_stairs_5, minmay_misc_feat_five,
          chequers_garden
D:2:      minmay_tromino_v7, uniq_terence
D:3:      gammafunk_temple_overflow_elements, due_unseen_surprise
D:4:      first_ration, chequers_serial_rivers_small_a
D:5:      zin_statuary, lemuel_coloured_pillars_altar, serial_shops, shop,
          nicolae_shop_crystal, shop, nicolae_shop_behind_doors,
          nicolae_shop_window_shopping
D:6:      minmay_temple_entry_offerings
D:7:      enter_ossuary_1
D:8:      david_nohive_1, uniq_maurice, uniq_harold, uniq_joseph, uniq_pikel
D:10:     minmay_the_grid_four_pointed_star, serial_shops, shop
Temple:   nicolae_temple_no_exploring_needed

Skill      XL: |  1  2  3  4  5  6  7  8  9 |
---------------+----------------------------+-----
Crossbows      | 5 6 7 9 10 | 10.3
Axes           | 3 6 |  6.0
Shields        | 4 |  4.0
Invocations    | 5 |  5.0
Fighting       | |  2.1
Dodging        | |  1.7
Stealth        | |  1.2

Action                   |  1- 3 |  4- 6 |  7- 9 || total
-------------------------+-------+-------+-------++-------
Melee: Short sword       |    27 |    16 |       ||    43
       Hand axe          |       |    50 |       ||    50
       War axe           |       |       |     8 ||     8
 Fire: Hand crossbow     |    49 |   121 |   311 ||   481
 Abil: Dig               |       |     1 |     1 ||     2
       Shaft Self        |       |       |     1 ||     1
  Use: Potion            |       |     3 |     2 ||     5
       Scroll            |       |     1 |       ||     1
  Eat: Chunk             |     1 |     7 |     6 ||    14
Armor: Leather armour    |    13 |       |       ||    13
       Ring mail         |     9 |    14 |       ||    23
       Scale mail        |       |    49 |    88 ||   137
Dodge: Dodged            |    38 |    86 |    86 ||   210
Block: Shield            |       |    12 |   109 ||   121

Table legend:
 A = Non-vault XP
 B = Vault XP
 C = Vault XP percentage of total XP
 D = Non-vault monster count
 E = Vault monster count
 F = Vault count percentage of total count
                 A         B        C        D         E       F
            +---------+---------+-------+---------+---------+-------
      Total |    3598 |      59 |   1.6 |     163 |       7 |   4.1
            +---------+---------+-------+---------+---------+-------
        D:1 |      40 |       5 |  11.1 |      18 |       2 |  10.0
        D:2 |     135 |      54 |  28.6 |      24 |       5 |  17.2
        D:3 |      92 |       0 |   0.0 |      23 |       0 |   0.0
        D:4 |     846 |       0 |   0.0 |      28 |       0 |   0.0
        D:5 |     460 |       0 |   0.0 |      18 |       0 |   0.0
        D:6 |     453 |       0 |   0.0 |       7 |       0 |   0.0
        D:7 |    1572 |       0 |   0.0 |      45 |       0 |   0.0
            +---------+---------+-------+---------+---------+-------
